 Dungeon Crawl Stone Soup version 0.25-a0-634-gd1561dc703 (webtiles) character file.

Game seed: 10191177478039388493, levelgen mode: deterministic

71 Eurus the Conjurer (level 4, -1/30 HPs)
             Began as a Mummy Conjurer on Mar 20, 2020.
             Slain by a gnoll
             ... wielding a +0 halberd
              (6 damage)
             ... on level 3 of the Dungeon.
             The game lasted 00:04:37 (2515 turns).

Eurus the Conjurer (Mummy Conjurer)                 Turns: 2515, Time: 00:04:37

Health: -1/30      AC:  2    Str: 11    XL:     4   Next: 5%
Magic:  9/9        EV: 12    Int: 15    God:
Gold:   126        SH:  0    Dex: 12    Spells: 7/10 levels left

rFire    . . .     SeeInvis .   b - +0 flail
rCold    + + .     Gourm    .   (no shield)
rNeg     + + +     Faith    .   a - +0 robe
rPois    ∞         Spirit   .   (no helmet)
rElec    .         Reflect  .   h - scarf {rC+ rF+}
rCorr    .         Harm     .   (no gloves)
MR       .....                  (no boots)
Stlth    ++........             (no amulet)
HPRegen  0.10/turn              (no ring)
MPRegen  0.11/turn              (no ring)

@: no status effects
A: no food or potions, fire vulnerability, cold resistance 1, negative energy
resistance 3, torment resistance, unbreathing
a: no special abilities


You were on level 3 of the Dungeon.
You were not hungry.

You visited 1 branch of the dungeon, and saw 3 of its levels.

You collected 126 gold pieces.

Inventory:

Hand Weapons
 b - a +0 flail (weapon)
Armour
 a - a +0 robe (worn)
 h - a scarf of resistance (worn)
Jewellery
 e - an uncursed ring of see invisible {unknown}
Scrolls
 c - 5 scrolls of identify {unknown}
 d - a scroll of magic mapping {unknown}
 f - 4 scrolls of amnesia {unknown}
 g - a scroll of remove curse {unknown}


   Skills:
 - Level 1.5 Dodging
 - Level 1.5 Stealth
 + Level 3.7 Spellcasting
 * Level 4.2 Conjurations


You had 7 spell levels left.
You knew the following spells:

 Your Spells              Type           Power        Failure   Level  Hunger
a - Magic Dart            Conj           ###.         3%          1    N/A
b - Searing Ray           Conj           ###...       4%          2    N/A

Your spell library contained the following spells:

 Spells                   Type           Power        Failure   Level  Hunger
 Dazzling Flash           Conj/Hex       #.....       22%         3    N/A
 Fulminant Prism          Conj/Hex       #.........   58%         4    N/A
 Iskenderun's Mystic Bla  Conj/Tloc      #.......     58%         4    N/A

Dungeon Overview and Level Annotations

Branches:
Dungeon (3/15)

Altars:
Cheibriados
Sif Muna


Innate Abilities, Weirdness & Mutations

You do not eat or drink.
Your flesh is vulnerable to fire.
You are immune to poison.
Your flesh is cold resistant. (rC+)
You are immune to negative energy. (rN+++)
You are immune to unholy pain and torment.
You can survive without breathing.


Message History

There is an open door here.
There is a stone staircase leading down here.
You climb downwards. 3 gnolls come into view.
The gnoll shouts! x2; You hear an angry hiss.
There is a stone staircase leading up here.
The gnoll hits you but does no damage.
The gnoll throws a throwing net.
The throwing net hits you.
You become entangled in the net!
You stop ascending the stairs.
The gnoll hits you but does no damage.
Unknown command.
You tear a large gash into the net.
The gnoll hits you.
You struggle against the net.
The gnoll hits you. The gnoll barely misses you.
You shred the net and break free!
The gnoll hits you from afar with a +0 halberd!
The gnoll misses you.
The gnoll hits you from afar with a +0 spear.
* * * LOW HITPOINT WARNING * * *
The gnoll hits you from afar with a +0 halberd.
You die...

. ######...
#####........
#..g.@.#
#....g.g.#
#.#.##..#..
.. ........ .
.#.## .....
###. #.... #.
.... .. ...


You could see 3 gnolls.

Vanquished Creatures
  A gnoll (D:1)
  A worm (D:2)
  2 dart slugs (D:1)
  3 leopard geckos
  3 giant cockroaches (D:1)
  3 goblins
  5 hobgoblins
  10 jackals (D:1)
  6 bats
  3 frilled lizards (D:1)
  4 kobolds
  9 rats
50 creatures vanquished.

Notes
Turn   | Place    | Note
-------+----------+-------------------------------------------
     0 | D:1      | Eurus the Mummy Conjurer began the quest for the Orb.
     0 | D:1      | Reached XP level 1. HP: 13/13 MP: 4/4
    55 | D:1      | Reached XP level 2. HP: 3/19 MP: 0/6
   862 | D:1      | Reached XP level 3. HP: 23/24 MP: 5/7
   869 | D:1      | Learned a level 2 spell: Searing Ray
  1106 | D:1      | Reached skill level 4 in Conjurations
  2246 | D:2      | Found a snail-covered altar of Cheibriados.
  2299 | D:2      | Reached XP level 4. HP: 30/30 MP: 4/9
  2374 | D:2      | Found a shimmering blue altar of Sif Muna.
  2515 | D:3      | Slain by a gnoll

Levels and vault maps discovered:
D:1:      dpeg_arrival_rhombus, layout_basic, solitary_fountain,
          chequers_arboretum
D:2:      layout_loops_ring, led_sif_pool, kennysheep_small_spiral,
          moated_statue, lemuel_tele_altar
D:3:      layout_basic, nemelex_xobeh_ov_fountains_minmay,
          nicolae_overflow_hidden_temple, lemuel_doored_altar

Skill      XL: |  1  2  3 |
---------------+----------+-----
Spellcasting   | 3 |  3.7
Conjurations   | 4 |  4.2
Dodging        | |  1.5
Stealth        | |  1.5

Action                   |  1- 3 |  4- 6 || total
-------------------------+-------+-------++-------
Melee: Unarmed           |     6 |       ||     6
       Flail             |    88 |     1 ||    89
 Cast: Magic Dart        |    58 |     2 ||    60
       Searing Ray       |     1 |       ||     1
 Stab: Sleeping          |     1 |       ||     1
Armor: Robe              |    24 |     2 ||    26
Dodge: Dodged            |    95 |     3 ||    98

Table legend:
 A = Non-vault XP
 B = Vault XP
 C = Vault XP percentage of total XP
 D = Non-vault monster count
 E = Vault monster count
 F = Vault count percentage of total count
                 A         B        C        D         E       F
            +---------+---------+-------+---------+---------+-------
      Total |     102 |       0 |   0.0 |      50 |       0 |   0.0
            +---------+---------+-------+---------+---------+-------
        D:1 |      76 |       0 |   0.0 |      37 |       0 |   0.0
        D:2 |      26 |       0 |   0.0 |      13 |       0 |   0.0
            +---------+---------+-------+---------+---------+-------
